 Dungeon Crawl Stone Soup version 0.29.1-1-gd02db6906a (webtiles) character file.

Game seed: 13025475644993451581

137 EvilAshe the Chopper (level 5, -2/41 HPs)
             Began as a Formicid Abyssal Knight on Sept 22, 2022.
             Was an Elder of Lugonu.
             Slain by a jelly (3 damage)
             ... on level 4 of the Dungeon.
             The game lasted 00:07:55 (3671 turns).

EvilAshe the Chopper (Formicid Abyssal Knight)      Turns: 3671, Time: 00:07:56

Health: -2/41      AC: -6    Str: 20    XL:     5   Next: 43%
Magic:  16/16      EV: 11    Int:  9    God:    Lugonu [****..]
Gold:   103        SH:  0    Dex: 14    Spells: 4/4 levels left

rFire   . . .      SeeInvis +   a - +1 hand axe
rCold   . . .      Faith    +   (no shield)
rNeg    . . .      Spirit   .   b - +0 leather armour
rPois   .          Reflect  .   (helmet unavailable)
rElec   .          Harm     .   j - +0 cloak
rCorr   .          Rampage  .   h - +0 pair of gloves
Will    +....                   (no boots)
Stlth   +.........              s - amulet of faith
HPRegen 0.13/turn               n - ring of magical power
MPRegen 0.15/turn               t - ring of willpower

@: corroded
A: permanent stasis, dig shafts and tunnels, antennae 3, four strong arms
a: Dig, Shaft Self, Renounce Religion, Depart the Abyss, Bend Space, Banish,
Corrupt


You were on level 4 of the Dungeon.
You worshipped Lugonu.
Lugonu was greatly pleased with you.
You visited 1 branch of the dungeon, and saw 4 of its levels.
You visited the Abyss 1 time.

You collected 103 gold pieces.

Inventory:

Hand Weapons
 a - a +1 hand axe (weapon)
Missiles
 e - 23 stones (quivered)
 i - 5 poisoned darts
Armour
 b - a +0 leather armour (worn)
 h - a +0 pair of gloves (worn)
 j - a +0 cloak (worn)
Jewellery
 n - a ring of magical power (left hand)
 s - an amulet of faith (around neck)
 t - a ring of willpower (right hand)
Wands
 w - a wand of iceblast (9)
Scrolls
 c - a scroll of teleportation {unknown}
 d - 2 scrolls of immolation {unknown}
 f - 2 scrolls of vulnerability {unknown}
 g - a scroll of torment {unknown}
 k - 2 scrolls of summoning {unknown}
 l - a scroll of enchant weapon {unknown}
 m - a scroll of silence {unknown}
 o - a scroll of amnesia {unknown}
 p - a scroll of identify {unknown}
 r - 2 scrolls of fear {unknown}
 u - a scroll of blinking {unknown}
Potions
 q - a potion of degeneration {unknown}
 v - a potion of heal wounds {unknown}


   Skills:
 - Level 3.2 Fighting
 * Level 4.4 Axes
 - Level 2.1 Armour
 - Level 0.8 Dodging
 + Level 3.9 Invocations


You had 4 spell levels left.
You didn't know any spells.
Your spell library contained the following spells:

 Spells                   Type           Power      Damage    Failure   Level
 Sandblast                Erth           0%         2d4       43%         1
 Summon Small Mammal      Summ           0%         N/A       43%         1
 Passwall                 Tmut/Erth      0%         N/A       56%         2
 Stone Arrow              Conj/Erth      0%         3d7       80%         3


Dungeon Overview and Level Annotations

Branches:
Dungeon (4/15)
 Temple: D:4-7

Altars:

Annotations:
D:2 Sigmund


Innate Abilities, Weirdness & Mutations

You cannot be hasted, slowed, berserked, paralysed or teleported.
You can dig through walls and to a lower floor.
You have a pair of large antennae on your head. (SInv)
Your four strong arms can wield two-handed weapons with a shield.


Message History

Done exploring.
There is an escape hatch in the floor here.
You see here a +0 dagger.
You see here a +0 trident.
Things that are here:
a +0 dagger; a +0 sling
There is a stone staircase leading down here.
You climb downwards.
There is a stone staircase leading up, spattered with blood here.
Done exploring.
You open the door.
Done exploring.
There is an open door here.
There is a stone staircase leading down here.
You climb downwards.
There is a stone staircase leading up here.
w - a wand of iceblast (9)
A jelly comes into view.
The jelly quivers.
You hit the jelly.
Your hands burn!
The jelly is lightly wounded.
The jelly hits you but does no damage.
You hit the jelly but do no damage. The acid corrodes you!
Your hands burn!
The jelly is lightly wounded.
The jelly hits you.
You are splashed with acid.
You are too injured to fight recklessly!
You are too injured to fight recklessly!
You slash the jelly!
Your hands burn!
The jelly is heavily wounded.
The jelly hits you but does no damage. The jelly hits you.
The acid corrodes you!
You are splashed with acid!
* * * LOW HITPOINT WARNING * * *
Are you sure you want to shaft yourself?
The jelly hits you.
* * * LOW HITPOINT WARNING * * *
The acid corrodes you!
You are splashed with acid!
* * * LOW HITPOINT WARNING * * *
You begin to dig a shaft.
You continue digging a shaft.
The jelly hits you.
You die...

.# ##.# #...
#.. #### #..
.....##.#######
#...........
#J# #@# #.#
####.# #...##
#.### #.# #.#
####.# #....#


You could see a jelly.

Vanquished Creatures
  Robin (D:3)
  2 adders (D:2)
  A worm (D:2)
  2 dart slugs (D:2)
  5 orcs (D:3)
  6 ball pythons
  4 endoplasms
  5 giant cockroaches
  18 goblins
  11 hobgoblins
  7 jackals (D:1)
  3 quokkas
  5 bats
  6 kobolds
  6 rats
82 creatures vanquished.

Notes
Turn   | Place    | Note
-------+----------+-------------------------------------------
     0 | Abyss:1  | EvilAshe the Formicid Abyssal Knight began the quest for
                  | the Orb.
     0 | Abyss:1  | Reached XP level 1. HP: 18/18 MP: 2/2
     1 | D:1      | Escaped the Abyss
     8 | D:1      | Noticed a black bear
     8 | D:1      | Noticed a hound
     8 | D:1      | Noticed a swamp worm
     8 | D:1      | Noticed a wyvern
    44 | D:1      | Found a faded altar of an unknown god.
    52 | D:1      | Got Plato's Meditations on the Comitatus
   133 | D:1      | Reached XP level 2. HP: 24/24 MP: 3/3
   388 | D:1      | Reached XP level 3. HP: 15/29 MP: 3/5
   401 | D:1      | Reached skill level 3 in Axes
   699 | D:1      | Reached *** piety under Lugonu
  1019 | D:2      | Noticed Robin
  1220 | D:2      | Noticed Sigmund
  1229 | D:2      | You fall into a shaft and drop 1 floor!
  1308 | D:3      | Reached XP level 4. HP: 35/35 MP: 6/6
  1975 | D:2      | You fall into a shaft and drop 1 floor!
  1993 | D:3      | Reached skill level 4 in Axes
  2238 | D:3      | Reached XP level 5. HP: 41/41 MP: 7/7
  2590 | D:2      | Reached **** piety under Lugonu
  2632 | D:3      | Killed Robin
  3670 | D:4      | HP: 1/41 [acid (8)]
  3671 | D:4      | Slain by a jelly

Illustrated notes

Levels and vault maps discovered:
D:1:      onia_arrival_zoo_common, layout_rooms,
          shapermc_ecumenical_altar_rom_forum
D:2:      layout_loops_ring, minmay_domino_4, uniq_sigmund, uniq_robin
D:3:      layout_loops_corners, st_stairs_8
D:4:      layout_loops_ring, mainiacjoe_overflow_concentric_impassable,
          chequers_temple_overflow_minitemple, zin_purify, uniq_blork_the_orc

Skill      XL: |  1  2  3  4 |
---------------+-------------+-----
Axes           | 3 4 |  4.4
Invocations    | 3 |  3.9
Fighting       | |  3.2
Armour         | |  2.1
Dodging        | |  0.8

Action                   |  1- 3 |  4- 6 || total
-------------------------+-------+-------++-------
Melee: Hand axe          |    78 |   135 ||   213
       Punch             |       |     1 ||     1
Throw: Stone             |       |     6 ||     6
 Abil: Shaft Self        |     1 |     2 ||     3
Armor: Leather armour    |    18 |    45 ||    63
Dodge: Dodged            |    46 |    76 ||   122
